 Dungeon Crawl Stone Soup version 0.31.0-11-ge490571c62 (webtiles) character file.

Game seed: 15581795108930210890

131 EonDragon20 the Changeling (level 5, 0/37 HPs)
             Began as a Merfolk Shapeshifter on Feb 8, 2024.
             Splashed by a jelly's acid (9 damage)
             ... on level 3 of the Dungeon.
             The game lasted 00:06:49 (2734 turns).

EonDragon20 the Changeling (Merfolk Shapeshifter)   Turns: 2734, Time: 00:06:50

Health: 0/37       AC:  0    Str: 14    XL:     5   Next: 14%
Magic:  5/5        EV: 16    Int: 10    God:
Gold:   198        SH:  0    Dex: 15    Spells: 4/4 levels left

rFire   . .          .
                       - Unarmed
rCold   . . .        (shield currently unavailable)
rNeg    . . .        a - melded +0 animal skin
rPois   .            (no helmet)
rElec   .            (no cloak)
rCorr   .            (no gloves)
SInv    .            (no boots)
Will    .....        (no amulet)
Stlth   +            (no ring)
HPRegen 0.26/turn    (no ring)
MPRegen 0.09/turn

%: no passive effects
@: flux-form, glowing
A: glow, contaminating, (nimble swimmer 2), mertail
a: Begin Untransformation


You were on level 3 of the Dungeon.
You were something dangerously unstable.
You visited 1 branch of the dungeon, and saw 4 of its levels.

You collected 198 gold pieces.

Inventory:

Armour
 a - a +0 animal skin (melded)
Jewellery
 f - a ring of fire
 i - a ring of protection from cold
 l - a ring of positive energy
Talismans
 c - a beast talisman
 d - a flux talisman (active)
 j - a serpent talisman
Scrolls
 e - 2 scrolls of identify
 h - a scroll of teleportation
Potions
 b - 2 potions of lignification
 g - a potion of resistance {unknown}
 m - 2 potions of haste {unknown}


   Skills:
 - Level 1.1 Fighting
 - Level 2.6 Dodging
 - Level 3.2 Unarmed Combat
 * Level 7.1 Shapeshifting


You had 4 spell levels left.
You didn't know any spells.
Your spell library contained the following spells:

 Spells                   Type           Power      Damage    Failure   Level
 Ensorcelled Hibernation  Hex/Ice        0%         N/A       50%         2
 Passwall                 Erth           0%         N/A       75%         3
 Swiftness                Air            0%         N/A       75%         3
 Animate Armour           Summ/Erth      0%         N/A       98%         4
 Summon Lightning Spire   Summ/Air       0%         N/A       98%         4
 Lee's Rapid Deconstruct  Erth           0%         3d4*      100%        5


Dungeon Overview and Level Annotations

Branches:
Dungeon (4/15)
 Temple: D:4-7

Altars:
The Shining One


Innate Abilities, Weirdness & Mutations

You are something dangerously unstable.
You glow with magical radiation, making you easy to see and hit.
Foes you strike become dangerously contaminated with magical radiation.
You are incapable of wielding weapons or throwing items.
((You are very nimble when in or above water. (Stealth+, EV+, Speed+++)))
Your lower body shifts to a powerful aquatic tail in water.


Message History

Unknown command.
You see here an adder corpse.
A giant cockroach is nearby!
Found 4 stones.
The giant cockroach bites you.
You barely miss the giant cockroach. The giant cockroach barely misses you.
You closely miss the giant cockroach. The giant cockroach closely misses you.
You closely miss the giant cockroach. The giant cockroach bites you.
You hit the giant cockroach but do no damage.
The giant cockroach begins to glow.
The giant cockroach completely misses you.
The giant cockroach bites you.
You hit the giant cockroach but do no damage.
The giant cockroach glows dangerously bright.
The giant cockroach barely misses you.
You hit the giant cockroach.
The giant cockroach shudders as magic cascades through it!
You kill the giant cockroach!
A goblin comes into view. It is wielding a +0 club.
The goblin shouts!
You hit the goblin.
You kill the goblin!
You see here a +0 club.
There is a stone staircase leading up here.
Found an escape hatch in the ceiling.
g - a dark potion A jelly comes into view.
The jelly quivers.
You hit the jelly but do no damage.
The jelly begins to glow.
Your hands burn!
The jelly hits you.
You are splashed with acid!
You hit the jelly.
The jelly glows dangerously bright.
Your hands burn!
The jelly is moderately wounded.
The jelly hits you.
You are splashed with acid!
* * * LOW HITPOINT WARNING * * *
Okay, then.
Okay, then.
The jelly attacks as it pursues you! The jelly completely misses you.
You feel better. The jelly hits you.
* * * LOW HITPOINT WARNING * * *
You are splashed with acid!
You die...

###
#.#########
#.p.......#
#J#######.#
#.# #.# #.#
#.# #.#
####.# #<#
#....#.#
#.#
#....#.# #.
#.#
#....#.#
#.# #.#
####.#.#
#.#


You could see a jelly (heavy contam).

Vanquished Creatures
  4 gnolls (D:3)
  4 adders
  A ribbon worm (D:2)
  2 ball pythons (D:1)
  7 bats
  8 endoplasms
  3 giant cockroaches
  4 goblins
  5 hobgoblins
  A quokka (D:2)
  3 frilled lizards
  7 kobolds
  4 rats
53 creatures vanquished.

Notes
Turn   | Place    | Note
-------+----------+-------------------------------------------
     0 | D:1      | EonDragon20 the Merfolk Shapeshifter began the quest for
                  | the Orb.
     0 | D:1      | Reached XP level 1. HP: 15/15 MP: 1/1
    91 | D:1      | Noticed a golden eye
    95 | D:1      | Noticed a golden eye
    98 | D:1      | Reached XP level 2. HP: 15/21 MP: 2/2
   448 | D:1      | Reached skill level 5 in Shapeshifting
   500 | D:1      | Reached XP level 3. HP: 22/26 MP: 3/3
   717 | D:1      | Found a faded altar of an unknown god.
   718 | D:1      | Noticed a glass eye
   720 | D:1      | Noticed a golden eye
   835 | D:2      | You fall into a shaft and drop 2 floors!
   862 | D:4      | Noticed a scorpion
  1348 | D:2      | Reached skill level 6 in Shapeshifting
  1369 | D:2      | Reached XP level 4. HP: 21/32 MP: 4/4
  2394 | D:3      | Found a glowing golden altar of the Shining One.
  2464 | D:3      | Reached XP level 5. HP: 32/37 MP: 5/5
  2543 | D:3      | Reached skill level 7 in Shapeshifting
  2734 | D:3      | Splashed by a jelly's acid

Illustrated notes

Levels and vault maps discovered:
D:1:      ebering_trefoil_3fold, layout_basic,
          hellmonk_ecumenical_altar_watching_god,
          nicolae_kite_square_tiling_tiny, minivault_23
D:2:      layout_basic
D:3:      layout_basic, tso_altar
D:4:      layout_layer_cave, mainiacjoe_overflow_six_doors_small,
          gammafunk_ghost_arena, nicolae_hexahallways

Skill      XL: |  1  2  3  4  5 |
---------------+----------------+-----
Shapeshifting  | 5 6 7 |  7.1
Fighting       | |  1.1
Dodging        | |  2.6
Unarmed Combat | |  3.2

Action                     |  1- 3 |  4- 6 || total
---------------------------+-------+-------++-------
  Melee: Unarmed           |    97 |    72 ||   169
         Tailslap          |     1 |       ||     1
    Use: Scroll            |     2 |     3 ||     5
         Potion            |       |     2 ||     2
   Stab: Sleeping          |     1 |       ||     1
 Armour: Animal skin       |    39 |    28 ||    67
         Skin              |       |     6 ||     6
  Dodge: Dodged            |    44 |    45 ||    89
   Form: Flux              |       |     1 ||     1
